 Dungeon Crawl Stone Soup version 0.17.2 (webtiles) character file.

7012 Shtopit the Basher (level 11, -2/68 HPs)
             Began as a Gargoyle Fighter on May 6, 2016.
             Was a Priest of the Shining One.
             Slain by a seven-headed hydra (6 damage)
             ... on level 9 of the Dungeon on May 7, 2016.
             The game lasted 00:35:35 (9119 turns).

Shtopit the Basher (Gargoyle Fighter)               Turns: 9119, Time: 00:35:35

Health: -2/68      AC: 23    Str: 24    XL:     11   Next: 8%
Magic:  14/14      EV:  7    Int:  8    God:    the Shining One [***...]
Gold:   455        SH: 12    Dex: 13    Spells: 1 memorised, 9 levels left

rFire  + . .     SeeInvis +     i - +3 whip
rCold  + . .     Clarity  .     y - +0 plate armour
rNeg   + + .     SustAt   .     c - +0 shield
rPois  ∞         Gourm    .     r - +2 hat {SInv}
rElec  +         Spirit   .     (no cloak)
rCorr  +         Warding  .     (no gloves)
rMut   .         Stasis   .     o - +0 pair of boots
MR     .....                    x - amulet of regeneration
Stlth  ..........               (no ring)
                                P - +4 ring of dexterity

@: resistant, glowing, not resistant to hostile enchantments, extremely
unstealthy
A: negative energy resistance 1, electricity resistance, unbreathing,
petrification resistance, rot immunity, AC +7
a: Divine Shield, Renounce Religion


You were on level 9 of the Dungeon.
You worshipped the Shining One.
The Shining One was most pleased with you.
You were hungry.

You visited 1 branch of the dungeon, and saw 10 of its levels.
You also visited: Ossuary.

You collected 455 gold pieces.

Inventory:

Hand Weapons
 a - a +0 war axe
 h - a +1 great mace of crushing
 i - a +3 whip (weapon)
 p - a +0 flail
 u - a +0 mace
 B - a +0 blowgun
Missiles
 H - 185 stones (quivered)
Armour
 c - a +0 shield (worn)
 l - the +4 hat of Valour {-Tele rElec Int+4 Dex+3}
   (You acquired it on level 7 of the Dungeon)

   It affects your intelligence (+4).
   It affects your dexterity (+3).
   It insulates you from electricity.
   It prevents most forms of teleportation.
 o - a +0 pair of boots (worn)
 r - a +2 hat of see invisible (worn)
 y - a +0 plate armour (worn)
 Q - a +1 helmet
Jewellery
 b - an uncursed amulet of resist mutation
 s - an uncursed ring of magical power
 x - an amulet of regeneration (around neck)
 P - a +4 ring of dexterity (left hand)
 R - an uncursed ring of stealth
Wands
 m - a wand of lightning (0)
 C - a wand of fire (11)
 K - a wand of magic darts (32)
 U - a wand of lightning (6)
Scrolls
 j - 3 scrolls of blinking
 t - a scroll of torment {unknown}
 A - 3 scrolls of fog
 F - 3 scrolls of recharging
 I - 5 scrolls of enchant weapon
 J - 3 scrolls of amnesia
 N - 2 scrolls of identify
 O - a scroll of random uselessness
 S - a scroll of magic mapping {unknown}
 T - a scroll of fear
 Y - 2 scrolls of remove curse
Potions
 g - 2 potions of ambrosia
 k - 4 potions of curing
 n - 3 potions of brilliance
 v - 2 potions of lignification
 E - a potion of degeneration
 G - 2 potions of haste
Books
 d - a book of Dreams

   Spells                             Type                      Level
   a - Ensorcelled Hibernation        Hexes/Ice                    2
   b - Phase Shift                    Translocation                5
   c - Shadow Creatures               Summoning                    5
   d - Silence                        Hexes/Air                    5
   e - Darkness                       Hexes                        6
   f - Mass Confusion                 Hexes                        6
 L - a Fen Folio

   Spells                             Type                      Level
   a - Corpse Rot                     Necromancy                   2
   b - Stone Arrow                    Conjuration/Earth            3
   c - Leda's Liquefaction            Hexes/Earth                  4
   d - Summon Forest                  Summoning/Translocation      5
   e - Hydra Form                     Transmutation                6
   f - Summon Hydra                   Summoning                    7
 M - a book of Battle

   Spells                             Type                      Level
   a - Infusion                       Charms                       1
   b - Shroud of Golubria             Charms/Translocation         2
   c - Song of Slaying                Charms                       2
   d - Spectral Weapon                Hexes/Charms                 3
   e - Regeneration                   Charms/Necromancy            3
Miscellaneous
 W - a plain deck of war
Comestibles
 e - 5 bread rations
 f - 3 royal jellies
 q - 5 meat rations
 w - 4 beef jerkies
 z - 15 fruits
 D - 6 slices of pizza


   Skills:
 + Level 7.6 Fighting
 - Level 2.0(6.5) Axes
 * Level 10.6(10.7) Maces & Flails
 + Level 7.1 Armour
 + Level 2.3 Dodging
 + Level 9.2 Shields
 * Level 4.3 Invocations
 + Level 0.8 Evocations


You had 9 spell levels left.
You knew the following spells:

 Your Spells              Type           Power        Failure   Level  Hunger
a - Infusion              Chrm           #.....       100%        1    ##.....


Dungeon Overview and Level Annotations

Branches:
Dungeon (10/15)            Temple (0/1) D:6
   Lair: D:8-11         Orc: D:9-12

Altars:
Ashenzari
Kikubaaqudgha
Nemelex Xobeh
Okawaru
Xom
Yredelemnul
The Shining One

Shops:
D:8 [


Innate Abilities, Weirdness & Mutations

You are resistant to torment.
Your stone body is resilient (AC +7).
You are immune to poison.
You resist negative energy.
You are resistant to electric shocks.
You can survive without breathing.
You are immune to petrification.
You are immune to rotting.


Message History

You block the sheep's attack.
You hit the seven-headed hydra.
The seven-headed hydra is heavily wounded.
You block the seven-headed hydra's attack.
The seven-headed hydra bites you but does no damage.
You block the seven-headed hydra's attack.
The seven-headed hydra bites you!
* * * LOW HITPOINT WARNING * * *
The seven-headed hydra bites you!
* * * LOW HITPOINT WARNING * * *
The seven-headed hydra closely misses you.
The seven-headed hydra bites you.
* * * LOW HITPOINT WARNING * * *
Drink which item? (? for menu, Esc to quit)
It was a potion of resistance.
You feel protected. The sheep bites you but does no damage.
The seven-headed hydra bites you.
* * * LOW HITPOINT WARNING * * *
The seven-headed hydra bites you.
You die...

#########################
#........................
#........................
#..........#.............
#.#....Y...#.............
#.#....#@..#.............
#.......D................
#...................#####
#..#.......##.......#...)
#..........##.......#....
#..........##.......#....
#...................#####
#....#'############......
#.##.#............#...#..


You could see a seven-headed hydra and a sheep.

Vanquished Creatures
  A hydra (D:8)
  A troll (D:8)
  Grinder (D:4)
  A two-headed ogre (D:9)
  Prince Ribbit (D:7)
  A hungry ghost (D:7)
  2 yaks (D:8)
  2 hippogriffs
  2 humans (D:7)
  A water moccasin (D:7)
  Duvessa (D:6)
  2 ice beasts
  A porcupine (D:9)
  3 ogres
  5 orc warriors
  A necrophage (D:6)
  2 sky beasts
  3 black bears
  4 centaurs
  A giant frog (D:6)
  A crocodile (D:7)
  3 big kobolds (D:8)
  Dowan (D:6)
  A gnoll sergeant (D:8)
  A killer bee (D:9)
  A wyvern skeleton (D:6)
  A scorpion (D:7)
  A giant frog zombie (D:9)
  7 orc priests
  4 jellies
  9 crimson imps
  6 hounds
  10 orc wizards
  2 iguanas (D:8)
  5 worker ants
  5 sheep
  4 big kobold zombies (Ossuary)
  2 mummies (Ossuary)
  2 worker ant zombies
  14 adders
  14 gnolls
  An ooze (D:5)
  6 adder zombies
  An adder skeleton (D:6)
  6 giant geckos
  27 orcs
  A bat zombie (D:9)
  9 hobgoblins
  9 jackals
  5 kobolds
  6 quokkas
  A ball python (D:2)
  9 bats
  A giant cockroach (D:2)
  A giant gecko skeleton (D:4)
  3 giant newts
  5 gnoll zombies
  4 goblins
  7 hobgoblin zombies (Ossuary)
  A jackal zombie (D:7)
  7 kobold zombies (Ossuary)
  6 orc zombies (Ossuary)
  8 rats
  2 rat zombies (D:9)
256 creatures vanquished.

Vanquished Creatures (others)
  3 plants (D:10)
3 creatures vanquished.

Grand Total: 259 creatures vanquished

Notes
Turn   | Place    | Note
--------------------------------------------------------------
     0 | D:1      | Shtopit the Gargoyle Fighter began the quest for the Orb.
     0 | D:1      | Reached XP level 1. HP: 14/14 MP: 1/1
   106 | D:1      | Reached XP level 2. HP: 14/19 MP: 2/2
   745 | D:2      | Reached XP level 3. HP: 16/23 MP: 3/3
   837 | D:2      | Found a sparkling altar of Nemelex Xobeh.
   946 | D:2      | Reached skill level 1 in Dodging
  1012 | D:2      | Reached skill level 1 in Maces & Flails
  1226 | D:2      | Reached skill level 4 in Shields
  1226 | D:2      | Reached XP level 4. HP: 24/29 MP: 4/4
  1935 | D:3      | Found a shimmering altar of Xom.
  2201 | D:5      | Entered Level 5 of the Dungeon
  2223 | D:5      | Reached XP level 5. HP: 33/33 MP: 5/5
  2319 | D:4      | Found a sand-covered staircase.
  2354 | Ossuary  | Entered an ossuary
  2449 | Ossuary  | Reached skill level 5 in Shields
  2477 | Ossuary  | Reached XP level 6. HP: 36/38 MP: 6/6
  2775 | D:4      | Noticed Grinder
  2775 | D:4      | Noticed an ogre
  2813 | D:5      | Found a glowing golden altar of the Shining One.
  2830 | D:5      | Became a worshipper of the Shining One
  3130 | D:5      | Noticed a sky beast
  3151 | D:5      | Killed a sky beast
  3151 | D:5      | Reached XP level 7. HP: 43/43 MP: 7/7
  3580 | D:4      | Noticed a black bear
  3586 | D:4      | Killed a black bear
  3795 | D:4      | Paralysed by Grinder for 6 turns
  3830 | D:4      | Killed Grinder
  3830 | D:4      | Reached skill level 5 in Maces & Flails
  3950 | D:4      | Killed an ogre
  3950 | D:4      | Reached XP level 8. HP: 12/48 MP: 8/8
  4144 | D:4      | Reached skill level 5 in Fighting
  4307 | D:6      | Found a staircase to the Ecumenical Temple.
  4368 | D:6      | Reached skill level 6 in Shields
  4509 | D:6      | Noticed Duvessa
  4513 | D:6      | Noticed Dowan
  4544 | D:6      | Reached * piety under the Shining One
  4544 | D:6      | Reached skill level 5 in Armour
  4546 | D:6      | Killed Duvessa
  4546 | D:6      | Killed Dowan
  4573 | D:6      | Learned a level 1 spell: Infusion
  4822 | D:6      | Reached skill level 7 in Maces & Flails
  4896 | D:6      | Reached XP level 9. HP: 55/55 MP: 9/9
  5495 | D:7      | Found a sparkling altar of Nemelex Xobeh.
  5592 | D:7      | Reached skill level 8 in Maces & Flails
  5760 | D:7      | Reached ** piety under the Shining One
  5865 | D:7      | Reached skill level 1 in Invocations
  5957 | D:7      | Identified 3 scrolls of acquirement
  5960 | D:7      | Got a heavily runed hat
  5975 | D:7      | Reached XP level 10. HP: 61/61 MP: 11/11
  5981 | D:7      | Identified the +4 hat of Valour {-Tele rElec Int+4 Dex+3} (You acquired it on level 7 of the Dungeon)
  6101 | D:7      | Noticed Prince Ribbit
  6218 | D:7      | Killed Prince Ribbit
  6218 | D:7      | Reached skill level 9 in Maces & Flails
  6275 | D:7      | Found an iron altar of Okawaru.
  6855 | D:8      | Noticed a two-headed hydra
  6876 | D:8      | Killed a two-headed hydra
  7155 | D:8      | Reached skill level 10 in Maces & Flails
  7275 | D:8      | Found a glowing golden altar of the Shining One.
  7289 | D:8      | Found Poarch's Armour Shop.
  7338 | D:8      | Found a basalt altar of Yredelemnul.
  7346 | D:8      | Found a shattered altar of Ashenzari.
  8070 | D:9      | Found an ancient bone altar of Kikubaaqudgha.
  8408 | D:9      | Reached *** piety under the Shining One
  8526 | D:9      | Reached XP level 11. HP: 59/67 MP: 14/14
  9025 | D:10     | Entered Level 10 of the Dungeon
  9066 | D:10     | Noticed a seven-headed hydra
  9119 | D:9      | Slain by a seven-headed hydra

Action                   |  1- 3 |  4- 6 |  7- 9 | 10-12 || total
-------------------------+-------+-------+-------+-------++-------
Melee: War axe           |    29 |       |       |       ||    29
       Whip              |   145 |   414 |   528 |   495 ||  1582
Evoke: Wand              |       |       |     3 |       ||     3
  Use: Scroll            |       |     9 |     8 |     4 ||    21
       Potion            |       |       |    12 |     1 ||    13
  Eat: Chunk             |     1 |     5 |    15 |    10 ||    31
       Beef jerky        |       |     1 |       |       ||     1
